TOP OF THE 1ST |
Reading Fightin Phils batting - Pitching for San Jose Giants : LHP Jordan Ruiz
|
Pitching: LHP Jordan Ruiz
|
|
Batting: RHB Tony Perez
|
0-0: Called Strike 0-1: Foul Ball, location: 3F, Error on foul ball, E3 0-2: DOUBLE (Line Drive, 9LS, EV 88.8 MPH)
|
Batting: RHB Chris Myers
|
0-0: Called Strike 0-1: Ball 1-1: Swinging Strike 1-2: Foul Ball, location: 2F 1-2: Strikes out swinging
|
Batting: RHB Alan Weller
|
0-0: Ground out 5-3 (Groundball, 56, EV 80.0 MPH)
|
Batting: RHB Guan-pei Gao
|
0-0: Ball 1-0: Ground out 5-3 (Groundball, 56S, EV 85.6 MPH)
|
Top of the 1st over - 0 runs, 1 hit, 1 error, 1 left on base; Reading 0 - San Jose 0 |
BOTTOM OF THE 1ST |
San Jose Giants batting - Pitching for Reading Fightin Phils : RHP Dale Turner
|
Pitching: RHP Dale Turner
|
|
Batting: RHB Coen Dirks
|
0-0: SINGLE (Groundball, 56D, EV 98.8 MPH)
|
Batting: RHB Edwin Verdugo
|
0-0: Ball Coen Dirks steals 2nd base 1-0: Ball 2-0: Ground out 2-3 (Groundball, 2L, EV 73.8 MPH) Coen Dirks to third
|
Batting: LHB Mike Roberts
|
0-0: Foul Ball, location: 2F 0-1: Called Strike 0-2: Ball 1-2: Ball 2-2: Fly out, F7 (Flyball, 7, EV 96.2 MPH) Runner from 3rd tags up, SCORES, throw by LF
|
Batting: LHB Steve Nevis
|
0-0: Ball 1-0: Foul Ball, location: 2F 1-1: Foul Ball, location: 2F 1-2: Fly out, F7 (Line Drive, 7LM, EV 91.9 MPH)
|
Bottom of the 1st over - 1 run, 1 hit, 0 errors, 0 left on base; Reading 0 - San Jose 1 |
TOP OF THE 2ND |
Reading Fightin Phils batting - Pitching for San Jose Giants : LHP Jordan Ruiz
|
Batting: RHB Pablo Lopez
|
0-0: Called Strike 0-1: Ball 1-1: Ball 2-1: Ball 3-1: Base on Balls
|
Batting: LHB Alex Fernandez
|
0-0: Ball 1-0: Ball 2-0: Swinging Strike 2-1: SINGLE (Groundball, 56D, EV 98.8 MPH) Pablo Lopez to second
|
Batting: LHB Doug Frampton
|
0-0: Ball Wild Pitch! Pablo Lopez to third Alex Fernandez to second 1-0: Swinging Strike 1-1: Foul Ball, location: 2F 1-2: Fly out, F8 (Flyball, 8RM, EV 87.5 MPH)
|
Batting: RHB Danny Habermehl
|
0-0: Ball 1-0: Ground out 4-3 (Groundball, 13, EV 88.1 MPH) Pablo Lopez scores Alex Fernandez to third
|
Batting: RHB Prabhukumar Santhanakrishnan
|
0-0: Called Strike 0-1: Ball 1-1: Called Strike 1-2: Strikes out swinging
|
Top of the 2nd over - 1 run, 1 hit, 0 errors, 1 left on base; Reading 1 - San Jose 1 |
BOTTOM OF THE 2ND |
San Jose Giants batting - Pitching for Reading Fightin Phils : RHP Dale Turner
|
Batting: LHB Gil Caraveo
|
0-0: Called Strike 0-1: Foul Ball, location: 2F 0-2: Ball 1-2: Strikes out looking
|
Batting: RHB Josh Truell
|
0-0: Ball 1-0: Called Strike 1-1: SINGLE (Groundball, 4D, EV 98.8 MPH)
|
Batting: RHB Bob Schweiger
|
0-0: Ball 1-0: Foul Ball, location: 2F 1-1: Ball Passed Ball! Josh Truell to second 2-1: 2-RUN HOME RUN (Flyball, 78XD, EV 101.2 MPH), Distance : 412 ft
|
Batting: RHB Teruhide Horiuchi
|
0-0: Ball 1-0: SINGLE (Groundball, 56S, EV 72.5 MPH) (infield hit)
|
Batting: RHB Vinny Torres
|
0-0: Fielders Choice at 2nd, 1-4 (Groundball, P, EV 68.1 MPH)
|
Batting: RHB Coen Dirks
|
0-0: Ball 1-0: Ball Vinny Torres is caught stealing 2nd base 2-4
|
Bottom of the 2nd over - 2 runs, 3 hits, 0 errors, 0 left on base; Reading 1 - San Jose 3 |
TOP OF THE 3RD |
Reading Fightin Phils batting - Pitching for San Jose Giants : LHP Jordan Ruiz
|
Batting: RHB Tony Perez
|
0-0: Ball 1-0: Foul Ball, location: 2F 1-1: Ground out 5-3 (Groundball, 56S, EV 86.9 MPH)
|
Batting: RHB Chris Myers
|
0-0: Ball 1-0: Ball 2-0: Foul Ball, location: 2F 2-1: Ground out 6-3 (Groundball, 56, EV 109.4 MPH)
|
Batting: RHB Alan Weller
|
0-0: Called Strike 0-1: Ball 1-1: Swinging Strike 1-2: Foul Ball, location: 2F 1-2: SINGLE (Groundball, 56D, EV 102.5 MPH)
|
Batting: RHB Guan-pei Gao
|
0-0: Ball 1-0: Foul Ball, location: 2F 1-1: Swinging Strike 1-2: Strikes out swinging
|
Top of the 3rd over - 0 runs, 1 hit, 0 errors, 1 left on base; Reading 1 - San Jose 3 |
BOTTOM OF THE 3RD |
San Jose Giants batting - Pitching for Reading Fightin Phils : RHP Dale Turner
|
Batting: RHB Coen Dirks
|
0-0: Swinging Strike 0-1: Swinging Strike 0-2: Ball 1-2: Strikes out swinging
|
Batting: RHB Edwin Verdugo
|
0-0: Called Strike 0-1: Ball 1-1: Swinging Strike 1-2: Strikes out swinging
|
Batting: LHB Mike Roberts
|
0-0: Ball 1-0: Ball 2-0: Ball 3-0: Base on Balls
|
Batting: LHB Steve Nevis
|
0-0: Ball 1-0: Fly out, F8 (Flyball, 8RD, EV 96.2 MPH)
|
Bottom of the 3rd over - 0 runs, 0 hits, 0 errors, 1 left on base; Reading 1 - San Jose 3 |
TOP OF THE 4TH |
Reading Fightin Phils batting - Pitching for San Jose Giants : LHP Jordan Ruiz
|
Batting: RHB Pablo Lopez
|
0-0: Called Strike 0-1: Ball 1-1: SINGLE (Groundball, 6MD, EV 98.1 MPH)
|
Batting: LHB Alex Fernandez
|
0-0: Foul Ball, location: 2F 0-1: Called Strike 0-2: Ground out 4-3 (Groundball, 34, EV 79.4 MPH) Pablo Lopez to second
|
Batting: LHB Doug Frampton
|
0-0: Ground out 4-3 (Groundball, 4, EV 110.0 MPH) Pablo Lopez to third
|
Batting: RHB Danny Habermehl
|
0-0: Called Strike 0-1: Foul Ball, location: 2F 0-2: Ball 1-2: Fly out, F9 (Flyball, 9LM, EV 90.6 MPH)
|
Top of the 4th over - 0 runs, 1 hit, 0 errors, 1 left on base; Reading 1 - San Jose 3 |
BOTTOM OF THE 4TH |
San Jose Giants batting - Pitching for Reading Fightin Phils : RHP Dale Turner
|
Batting: LHB Gil Caraveo
|
0-0: Called Strike 0-1: Ball 1-1: SINGLE (Line Drive, 34D, EV 95.6 MPH)
|
Batting: RHB Josh Truell
|
0-0: Swinging Strike 0-1: Swinging Strike 0-2: Grounds into double play, 5-4-3 (Groundball, 5, EV 76.2 MPH)
|
Batting: RHB Bob Schweiger
|
0-0: Ball 1-0: Swinging Strike 1-1: Ground out 4-3 (Groundball, 4S, EV 85.0 MPH)
|
Bottom of the 4th over - 0 runs, 1 hit, 0 errors, 0 left on base; Reading 1 - San Jose 3 |
TOP OF THE 5TH |
Reading Fightin Phils batting - Pitching for San Jose Giants : LHP Jordan Ruiz
|
Batting: RHB Prabhukumar Santhanakrishnan
|
0-0: Called Strike 0-1: Foul Ball, location: 2F 0-2: Strikes out swinging
|
Batting: RHB Tony Perez
|
0-0: Fly out, F9 (Flyball, 9D, EV 103.8 MPH)
|
Batting: RHB Chris Myers
|
0-0: Fly out, F8 (Flyball, 89D, EV 101.2 MPH)
|
Top of the 5th over - 0 runs, 0 hits, 0 errors, 0 left on base; Reading 1 - San Jose 3 |
BOTTOM OF THE 5TH |
San Jose Giants batting - Pitching for Reading Fightin Phils : RHP Dale Turner
|
Batting: RHB Teruhide Horiuchi
|
0-0: Ball 1-0: Swinging Strike 1-1: Reached on error, E6 (Groundball, 6, EV 79.4 MPH)
|
Batting: RHB Vinny Torres
|
0-0: Ball 1-0: Ball Teruhide Horiuchi steals 2nd base 2-0: Called Strike 2-1: Ball 3-1: Base on Balls
|
Batting: RHB Coen Dirks
|
0-0: Called Strike 0-1: Ball 1-1: Swinging Strike 1-2: Strikes out looking
|
Batting: RHB Edwin Verdugo
|
0-0: Ball 1-0: Foul Ball, location: 2F 1-1: Ball 2-1: Fielders Choice at 2nd, 6-4 (Groundball, 6, EV 82.5 MPH) Teruhide Horiuchi to third
|
Batting: LHB Mike Roberts
|
0-0: Called Strike Edwin Verdugo steals 2nd, throwing error, E2 Teruhide Horiuchi scores Edwin Verdugo to third 0-1: Called Strike 0-2: Ball 1-2: Ball 2-2: Ball 3-2: Reached on error, E6 (Groundball, 56, EV 93.1 MPH) Edwin Verdugo scores
|
Pitching: RHP Danny Zuniga
|
|
Batting: LHB Steve Nevis
|
0-0: Fly out, F8 (Line Drive, 8LD, EV 96.9 MPH)
|
Bottom of the 5th over - 2 runs, 0 hits, 3 errors, 1 left on base; Reading 1 - San Jose 5 |
TOP OF THE 6TH |
Reading Fightin Phils batting - Pitching for San Jose Giants : LHP Jordan Ruiz
|
Batting: RHB Alan Weller
|
0-0: Ball 1-0: Ball 2-0: Swinging Strike 2-1: Ground out 5-3 (Groundball, 5S, EV 61.9 MPH)
|
Batting: RHB Guan-pei Gao
|
0-0: Called Strike 0-1: Foul Ball, location: 2F 0-2: Ball 1-2: Strikes out swinging
|
Batting: RHB Pablo Lopez
|
0-0: Ball 1-0: Ball 2-0: Called Strike 2-1: Ball 3-1: Foul Ball, location: 2F 3-2: Foul Ball, location: 2F 3-2: Foul Ball, location: 2F 3-2: SINGLE (Line Drive, 8RS, EV 110.0 MPH)
|
Pitching: LHP Jimmy Heinecke
|
|
Batting: LHB Alex Fernandez
|
0-0: Ball 1-0: Ball 2-0: Called Strike 2-1: Ball 3-1: Foul Ball, location: 2F 3-2: Foul Ball, location: 2F 3-2: Foul Ball, location: 2F 3-2: TRIPLE (Flyball, 78XD, EV 103.8 MPH) Pablo Lopez scores
|
Batting: LHB Doug Frampton
|
0-0: Called Strike 0-1: Called Strike 0-2: Fly out, F8 (Flyball, 8RD, EV 103.1 MPH)
|
Top of the 6th over - 1 run, 2 hits, 0 errors, 1 left on base; Reading 2 - San Jose 5 |
BOTTOM OF THE 6TH |
San Jose Giants batting - Pitching for Reading Fightin Phils : RHP Danny Zuniga
|
Batting: LHB Gil Caraveo
|
0-0: Ball 1-0: Ball 2-0: Ground out 6-3 (Groundball, 56, EV 86.9 MPH)
|
Batting: RHB Josh Truell
|
0-0: Called Strike 0-1: Called Strike 0-2: Ball 1-2: Fly out, F8 (Flyball, 89M, EV 82.5 MPH)
|
Batting: RHB Bob Schweiger
|
0-0: Ball 1-0: Ball 2-0: Foul Ball, location: 2F 2-1: Ball 3-1: Ground out 6-3 (Groundball, 6, EV 105.0 MPH)
|
Bottom of the 6th over - 0 runs, 0 hits, 0 errors, 0 left on base; Reading 2 - San Jose 5 |
TOP OF THE 7TH |
Reading Fightin Phils batting - Pitching for San Jose Giants : LHP Jimmy Heinecke
|
Now at 1B: Coen Dirks
|
|
Now at 2B: Josh Truell
|
|
Now at SS: Zach Maguire
|
|
Batting: RHB Danny Habermehl
|
0-0: Ball 1-0: Ball 2-0: Ball 3-0: Base on Balls
|
Batting: RHB Prabhukumar Santhanakrishnan
|
0-0: DOUBLE (Line Drive, 7LS, EV 115.6 MPH) Danny Habermehl to third
|
Batting: RHB Tony Perez
|
0-0: Called Strike 0-1: Ball 1-1: Ground out 4-3 (Groundball, 4, EV 100.6 MPH) Danny Habermehl scores Prabhukumar Santhanakrishnan to third
|
Batting: RHB Chris Myers
|
0-0: Called Strike 0-1: Ball 1-1: Swinging Strike 1-2: SINGLE (Groundball, 15S, EV 70.0 MPH) (infield hit)
|
Batting: RHB Alan Weller
|
0-0: Ball 1-0: Swinging Strike 1-1: Foul Ball, location: 2F 1-2: Ball 2-2: Fly out, F8 (Line Drive, 89M, EV 106.9 MPH)
|
Batting: RHB Guan-pei Gao
|
0-0: Fielders Choice at 2nd, 6-4 (Groundball, 6, EV 85.0 MPH)
|
Top of the 7th over - 1 run, 2 hits, 0 errors, 2 left on base; Reading 3 - San Jose 5 |
BOTTOM OF THE 7TH |
San Jose Giants batting - Pitching for Reading Fightin Phils : RHP Danny Zuniga
|
Batting: RHB Teruhide Horiuchi
|
0-0: Ball 1-0: Ball 2-0: Foul Ball, location: 2F 2-1: Ball 3-1: Ground out 4-3 (Groundball, 4, EV 92.5 MPH)
|
Batting: RHB Vinny Torres
|
0-0: Called Strike 0-1: Ball 1-1: Ball 2-1: Foul Ball, location: 2F 2-2: Ball 3-2: Base on Balls
|
Batting: RHB Coen Dirks
|
0-0: Ball 1-0: Called Strike Vinny Torres is caught stealing 2nd base 2-4 1-1: Ball 2-1: Ground out 6-3 (Groundball, 6MS, EV 87.5 MPH)
|
Bottom of the 7th over - 0 runs, 0 hits, 0 errors, 0 left on base; Reading 3 - San Jose 5 |
TOP OF THE 8TH |
Reading Fightin Phils batting - Pitching for San Jose Giants : LHP Jimmy Heinecke
|
Pitching: RHP Danny MacKinnon
|
|
Batting: RHB Pablo Lopez
|
0-0: Swinging Strike 0-1: Swinging Strike 0-2: Ball 1-2: Ball 2-2: Ground out 6-3 (Groundball, 6, EV 105.0 MPH)
|
Batting: LHB Alex Fernandez
|
0-0: Called Strike 0-1: Ball 1-1: SINGLE (Line Drive, 6D, EV 96.9 MPH)
|
Batting: LHB Doug Frampton
|
0-0: Foul Ball, location: 2F 0-1: Swinging Strike 0-2: Foul Ball, location: 2F 0-2: Strikes out swinging
|
Batting: RHB Danny Habermehl
|
0-0: Ball 1-0: Swinging Strike 1-1: Ball 2-1: Fielders Choice at 2nd, 5-4 (Groundball, 56, EV 108.8 MPH)
|
Top of the 8th over - 0 runs, 1 hit, 0 errors, 1 left on base; Reading 3 - San Jose 5 |
BOTTOM OF THE 8TH |
San Jose Giants batting - Pitching for Reading Fightin Phils : RHP Danny Zuniga
|
Pitching: RHP Ron Knowles
|
|
Batting: RHB Edwin Verdugo
|
0-0: Ball 1-0: Ball 2-0: Called Strike 2-1: Swinging Strike 2-2: Fly out, F7 (Line Drive, 7, EV 92.5 MPH)
|
Batting: RHB Zach Maguire
|
0-0: Swinging Strike 0-1: Ball 1-1: SINGLE (Groundball, 4M, EV 96.9 MPH)
|
Batting: LHB Steve Nevis
|
0-0: Ball 1-0: Called Strike Zach Maguire steals 2nd, throwing error, E2 Zach Maguire to third 1-1: Ground out 6-3 (Groundball, 6, EV 103.8 MPH) Zach Maguire scores
|
Batting: LHB Gil Caraveo
|
0-0: Ground out 1-3 (Groundball, 34S, EV 71.9 MPH)
|
Bottom of the 8th over - 1 run, 1 hit, 1 error, 0 left on base; Reading 3 - San Jose 6 |
TOP OF THE 9TH |
Reading Fightin Phils batting - Pitching for San Jose Giants : RHP Danny MacKinnon
|
Pitching: RHP Jonathan Simi
|
|
Batting: RHB Prabhukumar Santhanakrishnan
|
0-0: Ball 1-0: Ball 2-0: Swinging Strike 2-1: Foul Ball, location: 2F 2-2: Strikes out swinging
|
Batting: RHB Tony Perez
|
0-0: Ball 1-0: Called Strike 1-1: SINGLE (Groundball, 34D, EV 95.6 MPH)
|
Batting: RHB Chris Myers
|
0-0: Ball 1-0: Ball 2-0: Swinging Strike 2-1: Called Strike 2-2: Strikes out swinging
|
Batting: RHB Alan Weller
|
0-0: Ball 1-0: Foul Ball, location: 2F 1-1: Called Strike 1-2: Strikes out swinging
|
Top of the 9th over - 0 runs, 1 hit, 0 errors, 1 left on base; Reading 3 - San Jose 6 |
|